 Dungeon Crawl Stone Soup version bcrawl-1.37.2 (webtiles) character file.

Game seed: 13599897058742239422

14105119 zoran the Cardsharp (level 27, 268/268 HPs)
             Began as a Hill Orc Wanderer on Jan 7, 2023.
             Was a High Priest of Nemelex Xobeh.
             Escaped with the Orb
             ... and 3 runes on Jan 8, 2023!
             The game lasted 05:02:31 (69449 turns).

zoran the Cardsharp (Hill Orc Wanderer)            Turns: 69449, Time: 05:02:31

Health: 268/268    AC: 46    Str: 24    XL:     27
Magic:  32/32      EV:  7    Int: 17    God:    Nemelex Xobeh [*****.]
Gold:   566        SH:  8    Dex:  5    Spells: 32/36 levels left

rFire    + + +     GDR:     35% q - +9 bardiche "Dorghen" {flame, rF+++ rC- SInv}
rCold    + . .     SeeInvis +   (shield currently unavailable)
rNeg     . . .     Gourm    .   J - +10 crystal plate armour {rC+}
rPois    +         Faith    .   (no helmet)
rElec    +         Spirit   .   r - +0 cloak {+Inv}
rCorr    .         Reflect  +   f - +0 pair of gloves "Jyopo" {rPois}
MR       ++++.                  i - +1 pair of boots of the Nine Cities {rF+ rC+ MR+ Dex-4}
Stlth    ..........             w - brooch of Shielding {Reflect SH+8}
HPRegen  0.94/turn              b - ring of protection from magic
MPRegen  0.23/turn              M - ring of insulation

@: no status effects
A: talons 1, slimy green scales 1, clever 1, low mp 2, regeneration 1, weak 1
0: Orb of Zot
}: 3/15 runes: decaying, barnacled, slimy
a: Draw Escape, Draw Destruction, Draw Summoning, Draw Stack, Triple Draw, Deal
Four, Stack Five, Renounce Religion, Evoke Invisibility


You escaped.
You worshipped Nemelex Xobeh.
Nemelex Xobeh was extremely pleased with you.
You were not hungry.

You visited 10 branches of the dungeon, and saw 44 of its levels.
You visited 1 bazaar.
You also visited: Bailey and Ice Cave.

You collected 6037 gold pieces.
You spent 5471 gold pieces at shops.

Inventory:

Hand Weapons
 a - the +11 lajatang of Distant Worlds {antimagic, rN+ Str+2}
   (You found it on level 2 of the Lair of Beasts)

   It reduces the magical energy of the wielder, and disrupts the spells and
   magical abilities of those hit.
   Natural abilities and divine invocations are not affected.
   It affects your strength (+2).
   It protects you from negative energy.
 q - the +9 bardiche "Dorghen" (weapon) {flame, rF+++ rC- SInv}
   (You found it in a bailey)

   It has been specially enchanted to surge with flame as it hits, increasing
   damage dealt by approximately one third against foes not resistant or
   susceptible to fire.
   Its heat also prevents any hydra heads it cuts off from regrowing.
   It renders you almost immune to fire.
   It makes you vulnerable to cold.
   It lets you see invisible.
 u - the +10 bardiche "Sakhulobe" {holy, +Inv}
   (You found it in a bailey)

   It has been blessed by the Shining One to cause great damage to the undead
   and demons.
   It lets you turn invisible.
 y - a +0 blowgun
Missiles
 o - 145 curare-tipped needles
 K - 333 javelins (quivered)
 P - 286 javelins of penetration {=f}
 Z - 6 throwing nets {=f}
Armour
 f - the +0 pair of gloves "Jyopo" (worn) {rPois}
   (You found it on level 3 of the Shoals)

   It protects you from poison.
 i - the +1 pair of boots of the Nine Cities (worn) {rF+ rC+ MR+ Dex-4}
   (You acquired it on level 3 of the Swamp)

   It affects your dexterity (-4).
   It protects you from fire.
   It protects you from cold.
   It affects your resistance to hostile enchantments.
 r - a +0 cloak of invisibility (worn)
 H - the +0 pair of gloves of Festooned Wonder {rC+++ Str+2 Int+4 Dex-3 Stlth+}
   (You found it on level 3 of the Shoals)

   It affects your strength (+2).
   It affects your intelligence (+4).
   It affects your dexterity (-3).
   It renders you almost immune to cold.
   It makes you more stealthy.
 J - a +10 crystal plate armour of cold resistance (worn)
Jewellery
 b - a ring of protection from magic (left hand)
 v - the ring of Phasing {EV+8}
   (You found it on level 2 of the Lair of Beasts)

   [ring of evasion]

   It affects your evasion (+8).
 w - the brooch of Shielding (around neck) {Reflect SH+8}
   (You found it on level 4 of the Dungeon)

   [amulet of reflection]

   It shields you and reflects attacks.
   It affects your SH (+8).
 L - an uncursed ring of protection from magic
 M - a ring of insulation (right hand)
 Q - an uncursed ring of see invisible
 X - an uncursed ring of resist corrosion
Wands
 d - a wand of digging (6)
 l - a wand of acid (6)
 m - a wand of disintegration (12)
 z - a wand of charming (17)
 T - a wand of iceblast (16)
 W - a wand of polymorph (3)
Scrolls
 c - 8 scrolls of teleportation
 h - 7 scrolls of fear
 j - 23 scrolls of remove curse
 n - a scroll of blinking
 p - 7 scrolls of fog
 t - 2 scrolls of vulnerability
 I - a scroll of silence
Potions
 g - 3 potions of resistance
 s - a potion of lignification
 x - 4 potions of flight
 A - 4 potions of invisibility
 B - 6 potions of mutation
 E - 8 potions of agility
 F - 5 potions of heal wounds
 R - 2 potions of haste
 S - 2 potions of might
 V - 5 potions of curing
Miscellaneous
 C - a phial of floods (inert)
 D - a sack of spiders
 G - a fan of gales (2/2)
 U - a lamp of fire
 Y - a lightning rod (4/4)
Comestibles
 e - 23 rations {!d}


   Skills:
 + Level 25.9 Fighting
   Level 25.9 Short Blades
   Level 25.9 Long Blades
   Level 25.9 Axes
   Level 25.9 Maces & Flails
   Level 25.9 Polearms
   Level 25.9 Staves
   Level 4.0 Crossbows
 - Level 10.0 Throwing
 - Level 21.0 Armour
 - Level 5.0 Dodging
 - Level 2.0 Stealth
   Level 8.0 Shields
   Level 25.9 Unarmed Combat
 - Level 5.0 Spellcasting
 - Level 8.0 Conjurations
 - Level 8.0 Hexes
 - Level 26.0 Invocations
 - Level 15.0 Evocations


You had 32 spell levels left.
You knew the following spells:

 Your Spells              Type           Power        Failure   Level  Hunger
y - Fulminant Prism       Conj/Hex       ####......   61%         4    #####..

Your spell library contained the following spells:

 Spells                   Type           Power        Failure   Level  Hunger
 Corona                   Hex            ####...      8%          1    None
 Magic Dart               Conj           ####         8%          1    None
 Slow                     Hex            ####....     8%          1    None
 Searing Ray              Conj           ####....     12%         2    None
 Confuse                  Hex            ####....     24%         3    ###....
 Dazzling Orbs            Conj/Hex       ####...      24%         3    ###....
 Iskenderun's Mystic Bla  Conj           ####....     24%         3    ###....
 Tukima's Dance           Hex            ####....     24%         3    ###....
 Flame Tongue             Conj/Fire      ###..        38%         1    None
 Ensorcelled Hibernation  Hex/Ice        ###...       52%         2    None
 Cause Fear               Hex            ####......   61%         4    #####..
 Conjure Flame            Conj/Fire      ###.....     77%         3    ###....
 Inner Flame              Hex/Fire       N/A          77%         3    ###....
 Stone Arrow              Conj/Erth      ###...       77%         3    ###....
 Apportation              Tloc           #.....       91%         1    None
 Infusion                 Chrm           #.......     91%         1    None
 Sandblast                Erth           #.....       91%         1    None
 Static Discharge         Air            #.....       91%         1    None
 Summon Butterflies       Summ           #.......     91%         1    None
 Summon Small Mammal      Summ           #...         91%         1    None
 Blink                    Tloc           N/A          97%         2    None
 Call Imp                 Summ           #.....       97%         2    None
 Flaming Arrows           Chrm/Fire      #.......     97%         2    None
 Passwall                 Tmut/Erth      #.......     97%         2    None
 Poisonous Vapours        Pois/Air       #.....       97%         2    None
 Beckoning                Tloc           #.........   99%         3    ###....
 Call Canine Familiar     Summ           #.......     99%         3    ###....
 Ignite Poison            Fire/Tmut/Pois #.......     99%         3    ###....
 Recall                   Summ/Tloc      N/A          99%         3    ###....
 Regeneration             Chrm/Necr      #.........   99%         3    ###....
 Lightning Bolt           Conj/Air       ###.....     99%         4    #####..
 Sticky Flame             Conj/Fire      ###.....     99%         4    #####..
 Yara's Violent Unravell  Hex/Tmut       ###.......   99%         4    #####..
 Airstrike                Air            #.........   100%        4    #####..
 Animate Dead             Necr           N/A          100%        4    #####..
 Petrify                  Tmut/Erth      #.........   100%        4    #####..
 Summon Ice Beast         Ice/Summ       #.......     100%        4    #####..
 Bolt of Magma            Conj/Fire/Erth ##........   100%        5    ######.
 Dispel Undead            Necr           #.......     100%        5    ######.
 Fireball                 Conj/Fire      ###.......   100%        5    ######.
 Irradiate                Conj/Tmut      ###.......   100%        5    ######.
 Iskenderun's Battlesphe  Conj/Chrm      ###.....     100%        5    ######.
 Lee's Rapid Deconstruct  Erth           #.........   100%        5    ######.
 Piercing Shot            Chrm           #.........   100%        5    ######.
 Silence                  Hex/Air        ###.......   100%        5    ######.
 Steam Barrier            Chrm/Fire      #.........   100%        5    ######.
 Summon Demon             Summ           #.........   100%        5    ######.
 Summon Lightning Spire   Summ/Air       #.......     100%        5    ######.
 Summon Mana Viper        Hex/Summ       ###.....     100%        5    ######.
 Borgnjor's Vile Clutch   Necr/Erth      #.........   100%        6    #######
 Conjure Ball Lightning   Conj/Air       ###.......   100%        6    #######
 Darkness                 Hex            ####......   100%        6    #######
 Death Channel            Chrm/Necr      #.........   100%        6    #######
 Deflect Missiles         Chrm/Air       #.........   100%        6    #######
 Dispersal                Tloc           #.........   100%        6    #######
 Infestation              Hex/Tmut/Pois  ##.......    100%        6    #######
 Iron Shot                Conj/Erth      ###.......   100%        6    #######
 Simulacrum               Ice/Necr       #.......     100%        6    #######
 Statue Form              Tmut/Erth      #........    100%        6    #######
 Summon Hydra             Summ           #.........   100%        6    #######
 Haunt                    Necr/Summ      #.........   100%        7    #######
 Malign Gateway           Summ/Tloc      #.........   100%        7    #######
 Monstrous Menagerie      Summ           #.........   100%        7    #######
 Shadow Creatures         Summ           N/A          100%        7    #######
 Spellforged Servitor     Conj/Summ      ###.......   100%        7    #######
 Summon Greater Demon     Summ           #.........   100%        7    #######
 Chain Lightning          Conj/Air       ###.......   100%        8    #######
 Summon Horrible Things   Summ           #.........   100%        8    #######
 Time Stop                Chrm/Tloc      N/A          100%        8    #######
 Tornado                  Tloc/Air       #.........   100%        8    #######
 Fire Storm               Conj/Fire      ###.......   100%        9    #######
 Shatter                  Erth           #.........   100%        9    #######


Dungeon Overview and Level Annotations

Branches:
Dungeon (12/12)            Temple (0/1) D:7            Lair (6/6) D:7
  Swamp (3/3) Lair:4       Shoals (3/3) Lair:3        Slime (5/5) Lair:5
    Orc (1/1) D:9             Elf (0/3) Orc          Vaults (2/3) D:12
  Crypt (2/2) Vaults:1       Tomb (0/3) Crypt:2      Depths (5/5) D:12
    Zot (5/5) Depths:5

Altars:
Ashenzari
Dithmenos
Elyvilon
Fedhas
Hepliaklqana
Kikubaaqudgha
Lugonu
Makhleb
Nemelex Xobeh
Okawaru
Qazlal
Sif Muna
Trog
Uskayaw
Vehumet
Wu Jian
Xom
Yredelemnul
The Shining One
Beogh
Jiyva

Shops:
Orc =!=*!   Vaults:2 (   Depths:1 ([   Depths:2 %   Depths:4 *([!%

Portals:
Hell: Lair:6 Depths:1 Depths:2 Depths:3 Depths:4 Depths:5
Abyss: Depths:2 Depths:4
Pandemonium: Depths:3
Ziggurat: Depths:5

Annotations:
Swamp:1 1 runed translucent door, zoran's ghost, adept GnFi
Swamp:3 1 runed translucent door, Quickbrownfox's ghost, journeyman MiAc
Shoals:3 Mara Orc 1 runed translucent door, izumii3's ghost, journeyman CeFi
Vaults:1 3 runed translucent doors, zoran's ghost, adept DsFi
Depths:4 exclusion: door


Innate Abilities, Weirdness & Mutations

You have sharp toenails.
You are partially covered in slimy green scales. (AC +2)
Your mind is acute. (Int +2)
Your magical capacity is very low. (-20% MP)
Your natural rate of healing is unusually fast.
You are weak. (Str -2)


Message History

There is an open door here.
There is a stone staircase leading up here.
You climb upwards.
There is a stone staircase leading down here.
Magic restored.
There is an open door here.
Things that are here:
a +0 robe; a +0 dagger You see here a +0 leather armour.
There is a stone staircase leading up here.
You climb upwards.
There is a stone staircase leading down here.
There is a stone staircase leading up here.
You climb upwards.
There is a stone staircase leading down here.
There is an open door here.
There is a staircase leading out of the dungeon here.
There is a staircase leading out of the dungeon here.
The power of the Orb breaks the dimensional shunt like a soap bubble!
You have escaped!

.###.....##........##≈≈≈#'....#
###.........#......#.....#...##
##.........#......≈.....≈..##
##........#.#...(..≈..⌠..≈..#
...#......>.#......#..(..#..#
.#........#####≈≈≈###≈≈≈###.#
...........#.#.....#......#.#
###..........≈..⌠..≈......#.#
.........##..≈..@..≈......#.#
#####...###..#.....#......#.#
##### #..'#≈≈≈##........#
##.......######...# #########
#...# #####


There were no monsters in sight!

Vanquished Creatures
  the Royal Jelly (Slime:5)
  A juggernaut (Depths:4)
  5 orbs of fire (Zot:5)
  Mennas (Crypt:2)
  An ancient lich (Zot:5)
  5 Killer Klowns
  Boris (Depths:3)
  Margery (Depths:3)
  2 curse toes
  12 golden dragons
  Nikola (Vaults:2)
  4 electric golems
  3 Orb Demons
  14 tentacled monstrosities
  27 Orb Guardians
  3 liches
  19 acid blobs
  5 quicksilver dragons
  4 titans
  2 sphinxes
  6 death cobs
  7 ancient champions
  11 shadow dragons
  3 thorn hunters
  2 draconian monks
  8 storm dragons
  4 ghouls
  2 tengu reavers
  9 frost giants
  The ghost of zoran the Grappler, a journeyman TrMA of Wu Jian (Swamp:2)
  A revenant (Crypt:1)
  12 azure jellies
  13 fire giants
  4 ghost moths
  2 draconian knights (Zot:2)
  2 orc warlords (Depths:4)
  An iron dragon (Depths:5)
  2 vault wardens (Vaults:1)
  A juggernaut zombie (Crypt:1)
  2 draconian shifters
  3 draconian stormcallers
  2 spriggan defenders
  Aizul (Crypt:1)
  23 stone giants
  2 curse skulls
  2 eyes of devastation (Zot:2)
  4 draconian annihilators
  9 draconian scorchers
  5 ironheart preservers
  6 vampire knights
  10 very ugly things
  9 green draconians
  A deep elf annihilator (Depths:3)
  5 red draconians
  2 entropy weavers
  5 yellow draconians
  15 white draconians
  A dire elephant (Zot:4)
  16 black draconians
  10 purple draconians
  12 ettins
  The ghost of Coth the Severer, a journeyman OpAc of Cheibriados (Lair:5)
  9 spark wasps
  2 deep elf death magi
  10 merfolk impalers
  3 merfolk javelineers
  Urug (D:10)
  6 jiangshi
  A mummy priest (Crypt:2)
  13 fire dragons
  7 yaktaur captains
  A quicksilver dragon skeleton (Crypt:2)
  A deep elf high priest (Depths:1)
  A rakshasa (Vaults:1)
  A ghost crab (Swamp:2)
  16 hydras
  Harold (D:9)
  6 vault guards
  12 ice dragons
  4 merfolk avatars
  12 great orbs of eyes
  2 death knights
  A hell beast (Depths:2)
  4 spriggan air magi
  11 alligators
  16 two-headed ogres
  A dancing weapon (Vaults:1)
  7 ogre magi
  6 merfolk aquamancers
  8 tengu warriors
  7 deep troll earth magi
  A titan zombie (Crypt:2)
  4 death yaks
  A death ooze (Slime:5)
  5 deep troll shamans
  4 satyrs
  5 vampire magi
  2 alligator snapping turtles
  An orc high priest (Depths:4)
  9 sea snakes
  8 spriggan berserkers
  A shock serpent (shapeshifter) (Depths:4)
  A soul eater (Depths:5)
  21 deep trolls
  2 deep elf knights
  A sun demon (Lair:6)
  A titan skeleton (Crypt:1)
  15 centaur warriors
  A death drake (Swamp:2)
  13 hell knights
  14 skeletal warriors
  A fire crab (Shoals:2)
  6 iron trolls
  An unseen horror (shapeshifter) (Depths:2)
  3 wolf spider zombies
  3 spriggan druids
  3 deep elf archers
  An obsidian statue (Zot:4)
  5 phantasmal warriors
  4 cyclopes
  A spectral hydra (Lair:5)
  3 glowing orange brains
  7 swamp dragons
  11 ironheart convokers
  13 harpies
  3 wolf spiders
  19 ugly things
  5 oklob plants
  2 stone giant zombies (Crypt:1)
  An iron giant skeleton (Crypt:1)
  9 wizards
  4 orc knights
  9 manticores
  4 necromancers
  2 orb spiders
  An orc sorcerer (Orc)
  3 merfolk sirens (Shoals:2)
  9 fauns
  9 deep elf magi
  5 shining eyes
  3 elephants
  17 moths of wrath
  13 will-o'-wisps
  A guardian serpent (Shoals:1)
  2 rust devils
  A black mamba (shapeshifter) (Depths:1)
  2 elephants (shapeshifter) (Depths:1)
  A smoke demon (Lair:6)
  3 black mambas
  A molten gargoyle (Depths:5)
  A water nymph (shapeshifter) (D:12)
  8 cane toads
  2 orange demons (Lair:6)
  10 vault sentinels
  12 water nymphs
  6 gargoyles
  2 ice statues (IceCv)
  A purple draconian zombie (Crypt:2)
  A kobold demonologist (D:9)
  24 yaktaurs
  A pale draconian zombie (Crypt:2)
  12 komodo dragons
  7 freezing wraiths
  4 flying skulls (Depths:2)
  5 rime drakes
  A harpy zombie (Crypt:2)
  A white draconian skeleton (Crypt:1)
  8 ice devils
  An anaconda simulacrum (Lair:5)
  8 guardian mummies (Crypt:2)
  A purple draconian skeleton (Crypt:1)
  2 tengu conjurers
  A yellow draconian skeleton (Crypt:2)
  A hellwing (Depths:5)
  A wandering mushroom (Lair:5)
  A meliai (shapeshifter) (Lair:1)
  2 red devils
  14 merfolk
  10 hornets
  2 polar bears (Lair:6)
  2 trolls
  A wind drake (shapeshifter) (Depths:1)
  10 blink frogs
  A raiju (shapeshifter) (Depths:1)
  3 harpy skeletons
  4 tyrant leeches
  7 dream sheep
  11 hippogriffs
  5 bog bodies
  108 slime creatures
  Prince Ribbit (D:7)
  5 snapping turtles
  A meliai zombie (D:10)
  A shadow (Crypt:2)
  A spectral black mamba (Lair:5)
  A tarantella (shapeshifter) (D:12)
  2 air elementals (Shoals:3)
  5 wraiths
  7 spriggans
  An ice dragon skeleton (Crypt:2)
  2 wyverns
  34 water elementals
  A vampire (Depths:4)
  An ushabti (Crypt:2)
  37 yaks
  The ghost of Argron the Covert, an amateur NaRg (D:4)
  12 golden eyes
  3 basilisks
  A hog (Lair:1)
  3 steam dragons
  10 vampire mosquitoes
  2 redbacks
  5 wargs
  A death yak simulacrum (Lair:5)
  11 swamp worms
  Edmund (D:4)
  13 crocodiles
  4 hell hounds
  7 water moccasins
  3 acid dragons
  A cane toad zombie (Crypt:2)
  A floating eye (Depths:2)
  12 porcupines
  An infernal demonspawn skeleton (Crypt:2)
  28 orc warriors
  3 phantoms
  9 swamp drakes
  A sky beast (D:6)
  A black bear (D:7)
  3 ice beasts
  A snapping turtle zombie (Crypt:2)
  2 necrophages
  2 slaves (D:7)
  19 ogres
  36 wolves
  13 boggarts
  A manticore skeleton (Crypt:2)
  3 kobold brigands
  11 bullfrogs
  2 wyvern zombies
  An elf skeleton (Crypt:2)
  19 centaurs
  A gnoll sergeant (D:11)
  A salamander skeleton (Crypt:1)
  3 scorpions
  A water moccasin skeleton (D:6)
  8 killer bees
  2 spectral wolves (Depths:4)
  12 wights
  7 howler monkeys
  12 orc priests
  8 crimson imps
  An electric eel (Lair:4)
  2 bullfrog zombies
  A soldier ant zombie (Crypt:1)
  A komodo dragon simulacrum (Lair:5)
  Crazy Yiuf (D:2)
  6 hounds
  A quasit (D:6)
  A gnoll shaman (Orc)
  5 jellies
  A bullfrog skeleton (D:5)
  An iguana (D:6)
  3 lightning spires (Zot:4)
  16 orc wizards
  Natasha (thrice) (D:3)
  4 worker ants
  A naga zombie (Crypt:2)
  A tengu zombie (Crypt:2)
  3 hound skeletons
  2 howler monkey zombies
  11 gnolls
  18 adders
  2 shadow imps
  12 white imps (IceCv)
  3 ufetubi (IceCv)
  6 oozes
  An adder skeleton (D:5)
  2 adder zombies
  3 worms
  A leopard gecko (Orc)
  64 orcs
  A ball python (D:1)
  6 bats
  A bat zombie (Crypt:2)
  9 goblins
  15 hobgoblins
  8 jackals
  17 kobolds
  3 quokkas
  7 frilled lizards
  A jackal zombie (D:5)
  A quokka skeleton (D:5)
  2 rats
  A spectral hobgoblin (D:2)
  A ball lightning (Vaults:1)
  A briar patch (Swamp:2)
  A fungus (Lair:3)
  A plant (Depths:1)
1777 creatures vanquished.

Vanquished Creatures (collateral kills)
  2 orbs of fire (Zot:5)
  Sojobo (Vaults:1)
  2 curse toes
  A rockslime (Depths:2)
  A profane servitor (Crypt:2)
  An electric golem (Zot:5)
  Rupert (Lair:3)
  A lich (Depths:5)
  A titan (Depths:5)
  5 ancient champions (Crypt:2)
  3 acid blobs (Slime:5)
  A ghoul (Crypt:2)
  2 storm dragons
  A draconian monk (Zot:5)
  A draconian shifter (Zot:2)
  An orc warlord (Orc)
  A reaper (Depths:5)
  An ironheart preserver (Vaults:1)
  An eye of devastation (Zot:2)
  2 yellow draconians
  2 purple draconians
  2 merfolk impalers (Shoals:3)
  2 mummy priests (Crypt:2)
  The ghost of Kyusiynim the Covert, a journeyman GnEn (Lair:4)
  2 great orbs of eyes
  A merfolk avatar (Shoals:2)
  A hydra (Swamp:2)
  A shambling mangrove (Lair:5)
  2 death oozes (Slime:5)
  6 death yaks
  3 alligators (Swamp:2)
  A queen ant (Zot:3)
  A deep troll earth mage (Depths:2)
  3 deep trolls (Depths:2)
  2 goliath frogs
  5 skeletal warriors (Crypt:2)
  A flayed ghost (Depths:3)
  2 swamp dragons (Swamp:3)
  A spriggan druid (Swamp:2)
  A harpy (Shoals:1)
  2 orc knights (Orc)
  An orc sorcerer (Orc)
  Pikel (D:7)
  2 moths of wrath (Zot:2)
  A deep elf mage (D:12)
  2 fauns
  A merfolk siren (Lair:3)
  4 elephants (Lair:5)
  2 will-o'-wisps (Swamp:2)
  4 cane toads
  A yaktaur (Vaults:2)
  A rime drake (Lair:1)
  A hellion (Depths:5)
  A komodo dragon (Lair:1)
  A guardian mummy (Crypt:2)
  2 ice devils
  6 merfolk
  3 harpy skeletons (D:12)
  2 hornets
  A tyrant leech (Swamp:2)
  A bog body (Swamp:1)
  12 slime creatures
  3 dream sheep (Shoals:2)
  A hippogriff (Lair:2)
  Sigmund (D:3)
  A spriggan (shapeshifter) (Depths:1)
  A water elemental (Shoals:3)
  A spriggan (Swamp:2)
  3 yaks (Lair:3)
  A hungry ghost (D:5)
  A wraith (Crypt:2)
  2 vampire mosquitoes (Swamp:2)
  2 swamp worms (Swamp:1)
  A spectral cane toad (Lair:5)
  A crocodile (Lair:2)
  A floating eye (Slime:4)
  A hell hound (Lair:6)
  2 porcupines (Lair:3)
  4 orc warriors (Orc)
  2 swamp drakes (Swamp:1)
  2 sky beasts (D:6)
  An ice beast (D:5)
  2 ogres (Vaults:1)
  8 wolves
  A kobold brigand (D:12)
  2 centaurs (Orc)
  A water moccasin zombie (D:6)
  An orc priest (D:12)
  A howler monkey (D:12)
  A hound (D:12)
  A jelly (D:7)
  An orc wizard (Orc)
  A worker ant (D:6)
  2 gnolls (D:6)
  A dart slug (Orc)
  3 orcs
  A fungus (Lair:3)
  A plant (Lair:5)
182 creatures vanquished.

Vanquished Creatures (others)
  An Ice Fiend (IceCv)
  Asterion (Depths:3)
  An acid blob (Slime:5)
  2 azure jellies (Slime:5)
  2 draconian knights (Zot:2)
  A ghost moth (Zot:3)
  2 stone giants
  An eye of devastation (Depths:2)
  A draconian shifter (Zot:2)
  A draconian scorcher (Zot:1)
  A draconian stormcaller (Zot:3)
  A green draconian (Zot:2)
  A yellow draconian (Zot:2)
  An entropy weaver (Zot:3)
  A white draconian (Zot:2)
  A spark wasp (Depths:3)
  A merfolk javelineer (Shoals:2)
  A yaktaur captain (Vaults:2)
  A hydra (Zot:3)
  5 death oozes (Slime:5)
  A shambling mangrove (Swamp:3)
  A sea snake (Shoals:3)
  A shock serpent (Depths:3)
  A queen ant (Swamp:3)
  3 swamp dragons (Swamp:3)
  A spriggan druid (Swamp:3)
  An ugly thing (Depths:1)
  A moth of wrath (Zot:5)
  An elephant (Swamp:3)
  A merfolk siren (Shoals:3)
  A tengu conjurer (Depths:3)
  An elf (Depths:4)
  2 yaktaurs
  4 ice devils (IceCv)
  A hornet (Swamp:3)
  A dream sheep (Shoals:3)
  A water elemental (Shoals:3)
  A human (Depths:4)
  A vampire (Depths:4)
  2 orc warriors (Orc)
  A boggart (D:12)
  A wolf (Depths:4)
  A centaur (Bailey)
  A howler monkey (D:7)
  2 white imps (IceCv)
  3 ufetubi (IceCv)
  A dart slug (Orc)
  4 orcs
  A frilled lizard (Orc)
  2 kobolds (Depths:4)
  5 ball lightnings
  A briar patch (Swamp:3)
  A bush (Lair:6)
  11 fulminant prisms
  11 fungi
  30 plants
130 creatures vanquished.

Grand Total: 2089 creatures vanquished

Notes
Turn   | Place    | Note
-------+----------+-------------------------------------------
     0 | D:1      | zoran the Hill Orc Wanderer began the quest for the Orb.
     0 | D:1      | zoran set off with the following items: a +2 hand crossbow,
                  | 134 bolts, a scroll of teleportation, 86 tomahawks, a
                  | ration {!d}, a +0 robe, a +0 dagger
     0 | D:1      | Reached XP level 1. HP: 18/18 MP: 1/1
   131 | D:1      | Reached XP level 2. HP: 25/25 MP: 2/2
   790 | D:2      | Reached XP level 3. HP: 29/30 MP: 3/3
   893 | D:2      | Found a shadowy altar of Dithmenos.
   955 | D:2      | Found a sparkling altar of Nemelex Xobeh.
   962 | D:2      | Became a worshipper of Nemelex Xobeh the Trickster
  1015 | D:2      | Received a gift from Nemelex Xobeh
  1088 | D:2      | Found a hazy altar of Hepliaklqana.
  1270 | D:2      | Found a runed door.
  1274 | D:2      | Noticed Crazy Yiuf
  1294 | D:2      | Killed Crazy Yiuf
  1366 | D:3      | Reached skill level 1 in Invocations
  1366 | D:3      | Reached XP level 4. HP: 36/37 MP: 4/4
  1477 | D:3      | Reached skill level 1 in Armour
  1477 | D:3      | Reached skill level 1 in Stealth
  1543 | D:3      | Noticed Natasha
  1553 | D:3      | Killed Natasha
  1554 | D:3      | Reached XP level 5. HP: 38/45 MP: 6/6
  1578 | D:3      | Noticed Natasha
  1585 | D:3      | Killed Natasha
  1586 | D:3      | Reached skill level 2 in Invocations
  1619 | D:3      | Noticed Sigmund
  1634 | D:3      | Killed Sigmund
  1635 | D:3      | Reached skill level 3 in Invocations
  1635 | D:3      | Reached XP level 6. HP: 26/51 MP: 6/8
  2176 | D:3      | Noticed Natasha
  2183 | D:3      | Killed Natasha
  2558 | D:3      | Reached XP level 7. HP: 46/58 MP: 9/9
  2697 | D:3      | Reached * piety under Nemelex Xobeh
  2932 | D:4      | Found a transporter.
  2936 | D:4      | Noticed Argron's ghost (amateur NaRg)
  2973 | D:4      | Reached skill level 4 in Invocations
  3088 | D:4      | Noticed Edmund
  3120 | D:4      | Killed Edmund
  3298 | D:4      | Found the brooch of Shielding {Reflect SH+8}
  3349 | D:4      | Received a gift from Nemelex Xobeh
  3658 | D:4      | Reached skill level 5 in Armour
  3908 | D:4      | Found a transporter.
  3922 | D:4      | Reached XP level 8. HP: 65/66 MP: 11/11
  4077 | D:5      | Entered Level 5 of the Dungeon
  4396 | D:5      | Reached skill level 5 in Invocations
  4661 | D:5      | Reached ** piety under Nemelex Xobeh
  4720 | D:5      | Found an ancient bone altar of Kikubaaqudgha.
  4925 | D:5      | Received a gift from Nemelex Xobeh
  5326 | D:5      | Found a shattered altar of Ashenzari.
  5326 | D:5      | Found a bloodstained altar of Trog.
  5337 | D:5      | Found a hide-covered altar of Uskayaw.
  5343 | D:5      | Found an iron altar of Okawaru.
  5345 | D:5      | Found a corrupted altar of Lugonu.
  5515 | D:5      | Reached skill level 5 in Fighting
  5557 | D:6      | Reached skill level 1 in Shields
  5557 | D:6      | Reached skill level 1 in Spellcasting
  5678 | D:6      | Reached XP level 9. HP: 43/74 MP: 12/12
  5842 | D:6      | Found a radiant altar of Vehumet.
  6345 | D:6      | Noticed a hornet
  6347 | D:6      | Killed a hornet
  6351 | D:6      | Found an ornate altar of the Wu Jian Council.
  6360 | D:6      | Found the +7 mace of Variability {chain chaos}
  6845 | D:7      | Noticed Prince Ribbit
  6857 | D:7      | Noticed Pikel
  6866 | D:7      | Killed Prince Ribbit
  6913 | D:7      | Killed Pikel
  6914 | D:7      | Reached XP level 10. HP: 32/81 MP: 16/16
  7022 | D:7      | Found a staircase to the Ecumenical Temple.
  7055 | D:7      | Reached *** piety under Nemelex Xobeh
  7055 | D:7      | Received a gift from Nemelex Xobeh
  7447 | D:7      | Found a stormy altar of Qazlal.
  7782 | D:7      | Found a staircase to the Lair.
  8105 | Lair:1   | Entered Level 1 of the Lair of Beasts
  8132 | Lair:1   | Reached skill level 5 in Shields
  8132 | Lair:1   | Reached skill level 5 in Spellcasting
  8161 | Lair:1   | Reached XP level 11. HP: 70/89 MP: 18/18
  8724 | Lair:1   | Noticed a six-headed hydra
  8726 | Lair:1   | Killed a six-headed hydra
  8840 | Lair:1   | Received a gift from Nemelex Xobeh
  9876 | Lair:2   | Found the ring of Phasing {EV+8}
 10072 | Lair:2   | Reached **** piety under Nemelex Xobeh
 10154 | Lair:2   | Got a brightly glowing lajatang
 10159 | Lair:2   | Received a gift from Nemelex Xobeh
 10311 | Lair:2   | Received a gift from Nemelex Xobeh
 10419 | Lair:2   | Found a hazy altar of Hepliaklqana.
 10630 | Lair:2   | Reached XP level 12. HP: 104/106 MP: 19/19
 10803 | Lair:2   | Learned a level 4 spell: Fulminant Prism
 10841 | Lair:3   | Received a gift from Nemelex Xobeh
 10864 | Lair:3   | Reached skill level 10 in Fighting
 10920 | Lair:3   | Reached skill level 1 in Conjurations
 10920 | Lair:3   | Reached skill level 1 in Hexes
 11138 | Lair:3   | Reached ***** piety under Nemelex Xobeh
 11138 | Lair:3   | Received a gift from Nemelex Xobeh
 11164 | Lair:3   | Found a staircase to the Shoals.
 11429 | Lair:3   | Reached skill level 5 in Conjurations
 11501 | Lair:3   | Noticed Rupert
 11509 | Lair:3   | Paralysed by Rupert for 4 turns
 11528 | Lair:3   | Killed Rupert
 11529 | Lair:3   | Reached skill level 5 in Hexes
 12133 | Lair:4   | Found a runed translucent gate.
 12134 | Lair:4   | Found a runed translucent gate.
 12135 | Lair:4   | Found a runed translucent gate.
 12135 | Lair:4   | Noticed Nessos
 12136 | Lair:4   | Noticed Nessos
 12136 | Lair:4   | Nessos changed into Nessos the komodo dragon
 12155 | Lair:4   | Killed Nessos the komodo dragon
 12259 | Lair:4   | Noticed a 12-headed hydra
 12260 | Lair:4   | Noticed Kyusiynim's ghost (journeyman GnEn)
 12260 | Lair:4   | Noticed a 13-headed hydra
 12375 | Lair:4   | Received a gift from Nemelex Xobeh
 12501 | Lair:4   | Reached XP level 13. HP: 97/116 MP: 20/20
 12662 | Lair:4   | Received a gift from Nemelex Xobeh
 12665 | Lair:4   | Found a gate leading to a gauntlet.
 12914 | Lair:4   | Found a staircase to the Swamp.
 13184 | Lair:4   | Received a gift from Nemelex Xobeh
 13593 | Lair:5   | Found a runed translucent gate.
 13599 | Lair:5   | Found a runed translucent gate.
 13599 | Lair:5   | Found a runed translucent gate.
 13988 | Lair:5   | Reached skill level 5 in Dodging
 14602 | Lair:5   | Found a viscous altar of Jiyva.
 14602 | Lair:5   | Found a staircase to the Slime Pits.
 15118 | Lair:5   | Noticed Coth's ghost (journeyman OpAc)
 15160 | Lair:5   | Identified the +11 lajatang of Distant Worlds {antimagic,
                  | rN+ Str+2} (You found it on level 2 of the Lair of Beasts)
 15243 | Lair:6   | Entered Level 6 of the Lair of Beasts
 15243 | Lair:6   | Received a gift from Nemelex Xobeh
 15751 | Lair:6   | Identified the -1 quarterstaff "Senuaf" {crush, rPois rF+
                  | MR- Dex+7}
 15759 | Lair:6   | Reached XP level 14. HP: 116/126 MP: 21/21
 15773 | Lair:6   | Reached ****** piety under Nemelex Xobeh
 15774 | Lair:6   | Found a blossoming altar of Fedhas.
 15807 | Lair:6   | Identified the +0 trident of Success {venom, -Tele +Fly
                  | rPois SInv}
 15900 | Lair:6   | Received a gift from Nemelex Xobeh
 16203 | Lair:6   | Found a large runed door.
 16213 | Lair:6   | Found a large runed door.
 16947 | D:8      | Found a flagged portal.
 16968 | Bailey   | Entered a bailey
 17297 | Bailey   | Got a crude bardiche
 17299 | Bailey   | Got an ichor-stained bardiche
 17401 | D:8      | Identified the +10 bardiche "Sakhulobe" {holy, +Inv} (You
                  | found it in a bailey)
 17402 | D:8      | Identified the +9 bardiche "Dorghen" {flame, rF+++ rC-
                  | SInv} (You found it in a bailey)
 17422 | D:8      | Found a shadowy altar of Dithmenos.
 17708 | D:8      | Received a gift from Nemelex Xobeh
 18184 | D:8      | Received a gift from Nemelex Xobeh
 18482 | D:9      | Found a staircase to the Orcish Mines.
 18590 | D:9      | Noticed Erica
 18591 | D:9      | Noticed Erica
 18591 | D:9      | Erica changed into Erica the spriggan
 18593 | D:9      | Noticed Harold
 18594 | D:9      | Killed Erica the spriggan
 18607 | D:9      | Killed Harold
 18683 | D:9      | Received a gift from Nemelex Xobeh
 19092 | D:9      | Found a basalt altar of Yredelemnul.
 19137 | D:9      | Found a white marble altar of Elyvilon.
 19138 | D:9      | Found a shimmering altar of Xom.
 19176 | D:10     | Entered Level 10 of the Dungeon
 19244 | D:10     | Noticed Urug
 19267 | D:10     | Killed Urug
 19372 | D:10     | Identified the +2 long sword of Ulapaapn {slice, rPois rF+}
 19458 | D:10     | Noticed Fannar
 19459 | D:10     | Noticed Fannar
 19459 | D:10     | Fannar changed into Fannar the ice beast
 19464 | D:10     | Killed Fannar the ice beast
 19670 | D:10     | Received a gift from Nemelex Xobeh
 20296 | D:11     | Received a gift from Nemelex Xobeh
 20569 | D:11     | Reached XP level 15. HP: 128/138 MP: 11/22
 20675 | D:11     | Received a gift from Nemelex Xobeh
 20973 | D:11     | Received a gift from Nemelex Xobeh
 21110 | D:11     | Found a gateway to a bazaar.
 21119 | Bazaar   | Entered a bazaar
 21143 | Bazaar   | Found Asazofaawu's Distillery.
 21148 | Bazaar   | Bought a potion of haste for 130 gold pieces
 21204 | Bazaar   | Found Ynad's Antique Weapon Shoppe.
 21234 | Bazaar   | Found Rotaseh's Jewellery Emporium.
 21254 | Bazaar   | Found Nyqeas's Jewellery Shoppe.
 21297 | Bazaar   | Found Fiylyck's Antique Armour Shoppe.
 21312 | Bazaar   | Bought a potion of berserk rage for 39 gold pieces
 21312 | Bazaar   | Bought a potion of ambrosia for 52 gold pieces
 21312 | Bazaar   | Bought a potion of magic for 65 gold pieces
 21312 | Bazaar   | Bought a potion of lignification for 39 gold pieces
 21368 | D:12     | Entered Level 12 of the Dungeon
 21756 | D:12     | Reached skill level 10 in Armour
 22177 | D:12     | Received a gift from Nemelex Xobeh
 22309 | D:12     | Found a gate to the Vaults.
 22400 | D:12     | Found a staircase to the Depths.
 23235 | Orc      | Entered the Orcish Mines
 23238 | Orc      | Received a gift from Nemelex Xobeh
 23291 | Orc      | Found a staircase to the Elven Halls.
 23344 | Orc      | Noticed an orc warlord
 23350 | Orc      | Identified the -2 quarterstaff "Laidd" {crush, rN+++ MR+
                  | Str-3 SInv}
 23517 | Orc      | Killed an orc warlord
 23544 | Orc      | Reached skill level 15 in Fighting
 23901 | Orc      | Found a runed translucent door.
 23901 | Orc      | Found a shimmering altar of Xom.
 23901 | Orc      | Noticed izumii3's ghost (journeyman CeFi)
 23927 | Orc      | Found Ucroeg's Jewellery Shop.
 24044 | Orc      | Received a gift from Nemelex Xobeh
 24224 | Orc      | Found a roughly hewn altar of Beogh.
 24344 | Orc      | Found Unaacis's Assorted Antiques.
 24344 | Orc      | Found Ynisuqech's Jewellery Shop.
 24346 | Orc      | Found Isuawoago's Distillery.
 24348 | Orc      | Found Haorazug's Distillery.
 24352 | Orc      | Bought a scroll of identify for 58 gold pieces
 24352 | Orc      | Bought a scroll labeled QAGGEDYAHIA for 29 gold pieces
 24353 | Orc      | Bought a scroll of blinking for 217 gold pieces
 24353 | Orc      | Bought a scroll of fear for 145 gold pieces
 24356 | Orc      | Bought a potion of brilliance for 60 gold pieces
 24359 | Orc      | Bought a potion of curing for 37 gold pieces
 24359 | Orc      | Bought 2 potions of curing for 75 gold pieces
 24364 | Orc      | Bought a potion of curing for 37 gold pieces
 24364 | Orc      | Bought a potion of curing for 37 gold pieces
 24364 | Orc      | Bought a potion of curing for 37 gold pieces
 24571 | Orc      | Bought an encrusted lajatang for 580 gold pieces
 24571 | Orc      | Identified the cursed +0 lajatang "Wibli Cahoi" {drain,
                  | *Slow rC+++ Dex+5} (You bought it in a shop in the Orcish
                  | Mines)
 24940 | Lair:5   | Identified the +0 long sword of Wokeasev {protect, rC+}
 24947 | Lair:5   | Killed Coth's ghost
 25226 | Lair:6   | Found a burning altar of Makhleb.
 25242 | Lair:6   | Reached skill level 6 in Invocations
 25321 | Lair:6   | Found a gateway to Hell.
 25460 | Swamp:1  | Entered Level 1 of the Swamp
 25528 | Swamp:1  | Reached skill level 7 in Invocations
 25539 | Swamp:1  | Found a runed translucent door.
 25554 | Swamp:1  | Noticed zoran's ghost (adept GnFi)
 25585 | Swamp:1  | Reached skill level 8 in Invocations
 25676 | Swamp:1  | Noticed a thorn hunter
 25686 | Swamp:1  | Killed a thorn hunter
 25696 | Swamp:1  | Reached skill level 9 in Invocations
 25707 | Swamp:1  | Found a frozen archway.
 25707 | Swamp:1  | Noticed an azure jelly
 25719 | Swamp:1  | Killed an azure jelly
 25720 | Swamp:1  | Reached XP level 16. HP: 123/149 MP: 13/23
 25741 | IceCv    | Entered an ice cave
 25893 | IceCv    | Reached skill level 10 in Invocations
 26064 | IceCv    | Received a gift from Nemelex Xobeh
 26065 | IceCv    | Noticed an Ice Fiend
 26086 | IceCv    | Killed an Ice Fiend
 27318 | Swamp:2  | Found a transporter.
 27321 | Swamp:2  | Found a transporter.
 27345 | Swamp:2  | Noticed zoran's ghost (journeyman TrMA)
 27379 | Swamp:2  | Received a gift from Nemelex Xobeh
 27511 | Swamp:2  | Noticed a thorn hunter
 27521 | Swamp:2  | Killed a thorn hunter
 27592 | Swamp:2  | Reached skill level 5 in Throwing
 27778 | Swamp:2  | Found a hazy altar of Hepliaklqana.
 27922 | Swamp:2  | Received a gift from Nemelex Xobeh
 27953 | Swamp:2  | Identified the +10 scimitar "Isurex" {flame, *Drain rC+
                  | rN+}
 28210 | Swamp:3  | Entered Level 3 of the Swamp
 28426 | Swamp:2  | Killed zoran's ghost
 28562 | Swamp:3  | Reached skill level 10 in Evocations
 28562 | Swamp:3  | Reached XP level 17. HP: 106/157 MP: 7/24
 29315 | Swamp:3  | Identified a scroll of acquirement
 29315 | Swamp:3  | Got a decaying rune of Zot
 29323 | Swamp:3  | Identified the +11 great sword of Rubbish {chaos, rC+ MR+
                  | MP+9} (You acquired it on level 3 of the Swamp)
 29323 | Swamp:3  | Identified the +1 pair of boots of the Nine Cities {rF+ rC+
                  | MR+ Dex-4} (You acquired it on level 3 of the Swamp)
 29323 | Swamp:3  | Identified the ring "Riofry" {rC+ EV+4 Str-5 Int+2} (You
                  | acquired it on level 3 of the Swamp)
 29323 | Swamp:3  | Identified the Compendium of Supportive Weightlessness (You
                  | acquired it on level 3 of the Swamp)
 29376 | Swamp:3  | Found a runed translucent door.
 29377 | Swamp:3  | Noticed Quickbrownfox's ghost (journeyman MiAc)
 29890 | Lair:4   | Killed Kyusiynim's ghost
 29959 | Lair:4   | Identified the cursed +3 long sword of Suricirorch {freeze,
                  | MP+9 Str+4 Dex+4 Stlth-}
 30099 | Shoals:1 | Entered Level 1 of the Shoals
 30112 | Shoals:1 | Received a gift from Nemelex Xobeh
 30242 | Shoals:1 | Reached skill level 11 in Invocations
 30691 | Shoals:1 | Received a gift from Nemelex Xobeh
 30839 | Shoals:2 | Reached skill level 15 in Armour
 31053 | Shoals:2 | Reached skill level 12 in Invocations
 31351 | Shoals:2 | Reached skill level 13 in Invocations
 31555 | Shoals:2 | Identified the -1 long sword of Xewk {speed, MR++ Str+4
                  | Int+2 Dex+2}
 31578 | Shoals:2 | Reached XP level 18. HP: 125/166 MP: 14/28
 31810 | Shoals:2 | Received a gift from Nemelex Xobeh
 31821 | Shoals:3 | Entered Level 3 of the Shoals
 31870 | Shoals:3 | Reached skill level 14 in Invocations
 32288 | Shoals:3 | Reached skill level 15 in Invocations
 32731 | Shoals:3 | Found a glowing golden altar of the Shining One.
 32992 | Shoals:3 | Noticed Mara
 33157 | Shoals:3 | Identified the cursed +0 ring mail of Jonuotud {rF- Dex+7}
 33444 | Shoals:3 | Identified the +5 falchion of the Scroll {slice, rN+
                  | Stlth+}
 33655 | Shoals:3 | Identified the +0 helmet of Melancholy {MP+9 Str+2 Dex+3
                  | Stlth+}
 33758 | Shoals:3 | Identified the cursed +0 pair of gloves of Festooned Wonder
                  | {rC+++ Str+2 Int+4 Dex-3 Stlth+}
 33767 | Shoals:3 | Got a barnacled rune of Zot
 33768 | Shoals:3 | Identified the +0 pair of gloves "Jyopo" {rPois}
 34197 | Vaults:1 | Entered Level 1 of the Vaults
 34231 | Vaults:1 | Received a gift from Nemelex Xobeh
 34800 | Vaults:1 | Reached XP level 19. HP: 80/173 MP: 19/30
 35410 | Vaults:1 | Received a gift from Nemelex Xobeh
 35447 | Vaults:1 | Found a staircase to the Crypt.
 35631 | Vaults:1 | Found a runed translucent gate.
 35632 | Vaults:1 | Found a runed translucent gate.
 35633 | Vaults:1 | Found a runed translucent gate.
 35633 | Vaults:1 | Noticed a lich
 35636 | Vaults:1 | Noticed zoran's ghost (adept DsFi)
 35940 | Vaults:1 | Reached skill level 16 in Invocations
 35962 | Vaults:1 | Received a gift from Nemelex Xobeh
 36140 | Vaults:1 | Noticed Sojobo
 36153 | Vaults:1 | Killed Sojobo
 36419 | Vaults:2 | Received a gift from Nemelex Xobeh
 36547 | Vaults:2 | Found Qothrot's Antique Weapon Shop.
 36929 | Vaults:2 | Received a gift from Nemelex Xobeh
 37098 | Vaults:2 | Noticed Nikola
 37116 | Vaults:2 | Killed Nikola
 37117 | Vaults:2 | Reached skill level 10 in Throwing
 37313 | Vaults:2 | Received a gift from Nemelex Xobeh
 37701 | Vaults:2 | Received a gift from Nemelex Xobeh
 38006 | Crypt:1  | Entered Level 1 of the Crypt
 38006 | Crypt:1  | Noticed Zenata
 38008 | Crypt:1  | Noticed Zenata
 38008 | Crypt:1  | Zenata changed into Zenata the fire giant
 38013 | Crypt:1  | Killed Zenata the fire giant
 38060 | Crypt:1  | Reached XP level 20. HP: 148/185 MP: 20/32
 38599 | Crypt:1  | Noticed Aizul
 38637 | Crypt:1  | Killed Aizul
 38681 | Crypt:1  | Received a gift from Nemelex Xobeh
 39008 | Crypt:1  | Reached skill level 17 in Invocations
 39311 | Crypt:2  | Entered Level 2 of the Crypt
 39706 | Crypt:2  | Noticed Mennas
 39734 | Crypt:2  | Killed Mennas
 39735 | Crypt:2  | Reached skill level 18 in Invocations
 39981 | Crypt:2  | Received a gift from Nemelex Xobeh
 40333 | Crypt:2  | Reached skill level 19 in Invocations
 40597 | Crypt:2  | Received a gift from Nemelex Xobeh
 40608 | Crypt:2  | Identified the +2 long sword "Ysty" {elec, +Rage rF- Str+2}
 40708 | Crypt:2  | Reached skill level 20 in Invocations
 40711 | Crypt:2  | Noticed a curse toe
 40717 | Crypt:2  | Noticed a profane servitor
 41008 | Crypt:2  | Found a staircase to the Tomb.
 41088 | Crypt:2  | Killed a profane servitor
 41094 | Crypt:2  | Reached XP level 21. HP: 117/194 MP: 22/35
 41590 | Crypt:2  | Found an ancient bone altar of Kikubaaqudgha.
 41592 | Crypt:2  | Found a basalt altar of Yredelemnul.
 41612 | Crypt:2  | Identified the +3 large shield of Inviolability {rElec
                  | Slay-3 SInv}
 41615 | Crypt:2  | Identified the ring of Wigup {MR- Str+10 Stlth--}
 42075 | Slime:1  | Entered Level 1 of the Pits of Slime
 43037 | Slime:2  | Received a gift from Nemelex Xobeh
 43989 | Slime:4  | Paralysed by a floating eye for 2 turns
 43995 | Slime:4  | Paralysed by a floating eye for 2 turns
 44219 | Slime:4  | Received a gift from Nemelex Xobeh
 45446 | Slime:5  | Entered Level 5 of the Pits of Slime
 45711 | Slime:5  | Received a gift from Nemelex Xobeh
 46288 | Slime:5  | Noticed the Royal Jelly
 46304 | Slime:5  | Killed the Royal Jelly
 46305 | Slime:5  | Reached XP level 22. HP: 181/204 MP: 18/36
 46542 | Slime:5  | Identified Rataj's Papyrus of Floating Fire
 46561 | Slime:5  | Identified Sif Muna's Almanac of Spatial Heat
 46576 | Slime:5  | Got a slimy rune of Zot
 46611 | Slime:5  | Identified the ring "Pywnaulaxt" {*Slow +Fly rPois Stlth+}
 46659 | Slime:5  | Identified the +1 buckler of Parts Unknown {rPois rC+
                  | Int-3}
 47041 | Depths:1 | Entered Level 1 of the Depths
 47963 | Depths:1 | Found Ozoar's Antique Armour Emporium.
 47963 | Depths:1 | Found Binurumi's Weapon Shoppe.
 48038 | Depths:1 | Found a glowing golden altar of the Shining One.
 48170 | Depths:1 | Identified the cursed +3 glaive "Loptieli" {chop, rElec rF+
                  | Int+4}
 48229 | Depths:1 | Received a gift from Nemelex Xobeh
 48343 | Depths:2 | Noticed a rockslime
 48359 | Depths:2 | Killed a rockslime
 49054 | Depths:2 | Found a corrupted altar of Lugonu.
 49056 | Depths:2 | Found a one-way gate to the infinite horrors of the Abyss.
 49119 | Depths:2 | Noticed a golden dragon
 49133 | Depths:2 | Killed a golden dragon
 49424 | Depths:2 | Identified the Catalogue of Mutagenic Summoning
 49692 | Depths:2 | Reached XP level 23. HP: 122/215 MP: 23/37
 49869 | Depths:2 | Received a gift from Nemelex Xobeh
 49994 | Depths:2 | Found Maom's Food Boutique.
 50879 | Depths:2 | Paralysed by a floating eye for 4 turns
 51108 | Depths:3 | Noticed Asterion
 51113 | Depths:3 | Killed Asterion
 51795 | Depths:3 | Received a gift from Nemelex Xobeh
 52170 | Depths:3 | Noticed Boris
 52175 | Depths:3 | Noticed Margery
 52177 | Depths:3 | Killed Boris
 52601 | Depths:3 | Found a one-way gate leading to the halls of Pandemonium.
 52928 | Depths:3 | Killed Margery
 52929 | Depths:3 | Reached skill level 21 in Invocations
 53054 | Depths:3 | Reached XP level 24. HP: 224/224 MP: 23/37
 53064 | Depths:4 | Noticed a Killer Klown
 53075 | Depths:4 | Killed a Killer Klown
 53076 | Depths:4 | Found Obleuklego's Weapon Emporium.
 53082 | Depths:4 | Reached skill level 15 in Evocations
 53234 | Depths:4 | Received a gift from Nemelex Xobeh
 53234 | Depths:4 | Noticed a Killer Klown
 53272 | Depths:4 | Noticed a juggernaut
 53702 | Depths:4 | Killed a Killer Klown
 53797 | Depths:4 | Killed a juggernaut
 54113 | Depths:4 | Noticed a caustic shrike
 54113 | Depths:4 | Noticed a caustic shrike
 54113 | Depths:4 | Noticed a caustic shrike
 54113 | Depths:4 | Noticed a caustic shrike
 54769 | Depths:4 | Received a gift from Nemelex Xobeh
 55124 | Depths:4 | Found The Legendary Haaz Ism's Legendary Smithy.
 55237 | Depths:4 | Found Gasenkei's Slaves and Accessories.
 55260 | Depths:4 | Bought a wand of charming (10) for 143 gold pieces
 55363 | Depths:4 | Found Jack's Jerk-a-riffic Jerky.
 55373 | Depths:4 | Received a gift from Nemelex Xobeh
 55401 | Depths:4 | Found Xejogg's Miraculous Elixirs.
 55433 | Depths:4 | Bought a potion of mutation for 400 gold pieces
 55433 | Depths:4 | Bought 2 potions of mutation for 800 gold pieces
 55433 | Depths:4 | Bought a potion of mutation for 400 gold pieces
 55433 | Depths:4 | Bought a potion of mutation for 400 gold pieces
 55433 | Depths:4 | Bought a potion of mutation for 400 gold pieces
 55433 | Depths:4 | Bought a potion of mutation for 400 gold pieces
 55433 | Depths:4 | Gained mutation: You are resistant to hostile enchantments.
                  | (MR+) [potion of mutation]
 55433 | Depths:4 | Gained mutation: You have a pair of small horns on your
                  | head. [potion of mutation]
 55433 | Depths:4 | Gained mutation: You are partially covered in rugged brown
                  | scales. (AC +1, +3% HP) [potion of mutation]
 55433 | Depths:4 | Gained mutation: Your mind is acute. (Int +2) [potion of
                  | mutation]
 55575 | Depths:4 | Found a roughly hewn altar of Beogh.
 55601 | Depths:4 | Identified the +4 buckler of the Apprentice {Int+4}
 55734 | Depths:4 | Found a shimmering blue altar of Sif Muna.
 55988 | Depths:5 | Entered Level 5 of the Depths
 56059 | Depths:5 | Received a gift from Nemelex Xobeh
 56538 | Depths:5 | Reached XP level 25. HP: 238/243 MP: 18/37
 56569 | Depths:5 | Received a gift from Nemelex Xobeh
 56905 | Depths:5 | Noticed a golden dragon
 56922 | Depths:5 | Killed a golden dragon
 56965 | Depths:5 | Found a gateway to a ziggurat.
 57088 | Depths:5 | Found a gate to the Realm of Zot.
 57603 | Zot:1    | Entered Level 1 of the Realm of Zot
 57720 | Zot:1    | Received a gift from Nemelex Xobeh
 57843 | Zot:1    | Received a gift from Nemelex Xobeh
 57995 | Zot:1    | Reached skill level 22 in Invocations
 58239 | Zot:1    | Noticed a golden dragon
 58249 | Zot:1    | Killed a golden dragon
 58280 | Zot:1    | Noticed a golden dragon
 58294 | Zot:1    | Killed a golden dragon
 58295 | Zot:1    | Reached skill level 23 in Invocations
 58579 | Zot:1    | Received a gift from Nemelex Xobeh
 58918 | Zot:2    | Noticed a Killer Klown
 58949 | Zot:2    | Killed a Killer Klown
 59212 | Zot:2    | Reached skill level 24 in Invocations
 59286 | Zot:2    | Received a gift from Nemelex Xobeh
 59457 | Zot:2    | Received a gift from Nemelex Xobeh
 59471 | Zot:2    | Noticed a golden dragon
 59476 | Zot:2    | Killed a golden dragon
 59702 | Zot:2    | Noticed a golden dragon
 59727 | Zot:2    | Reached XP level 26. HP: 94/253 MP: 15/39
 59732 | Zot:2    | Reached skill level 25 in Invocations
 59734 | Zot:2    | Killed a golden dragon
 60519 | Depths:4 | Bought a wand of charming (8) for 117 gold pieces
 60519 | Depths:4 | Bought a wand of charming (10) for 143 gold pieces
 60519 | Depths:4 | Bought a wand of charming (6) for 91 gold pieces
 60640 | Zot:3    | Noticed a golden dragon
 60965 | Zot:3    | Noticed a golden dragon
 61092 | Zot:2    | Killed a golden dragon
 61893 | Zot:3    | Killed a golden dragon
 62244 | Zot:3    | Identified the cursed +1 scale mail of Spring {Str+8}
 62317 | Zot:3    | Received a gift from Nemelex Xobeh
 62505 | Zot:3    | Noticed a golden dragon
 62515 | Zot:3    | Killed a golden dragon
 63288 | Shoals:2 | Reached XP level 27. HP: 251/265 MP: 19/39
 63494 | D:4      | Killed Argron's ghost
 63705 | Orc      | Bought a potion of resistance for 150 gold pieces
 63705 | Orc      | Bought a potion of resistance for 150 gold pieces
 63705 | Orc      | Bought a potion of agility for 60 gold pieces
 63705 | Orc      | Bought a potion of agility for 60 gold pieces
 63705 | Orc      | Bought a potion of heal wounds for 75 gold pieces
 63705 | Orc      | Bought a potion of lignification for 45 gold pieces
 64115 | Zot:4    | Noticed a golden dragon
 64121 | Zot:4    | Killed a golden dragon
 64330 | Zot:4    | Noticed a golden dragon
 64610 | Zot:4    | Noticed a golden dragon
 64640 | Zot:4    | Reached skill level 26 in Invocations
 64640 | Zot:4    | Killed a golden dragon
 65890 | Zot:5    | Entered Level 5 of the Realm of Zot
 65952 | Zot:5    | Received a gift from Nemelex Xobeh
 67016 | Zot:5    | Noticed a Killer Klown
 67028 | Zot:5    | Killed a Killer Klown
 67469 | Zot:5    | Noticed an orb of fire
 67470 | Zot:5    | Lost mutation: Your mind is acute. (Int +2) [an orb of
                  | fire]
 67478 | Zot:5    | Gained mutation: Your spells are a little easier to cast,
                  | but a little less powerful. [an orb of fire]
 67481 | Zot:5    | Noticed an orb of fire
 67483 | Zot:5    | Gained mutation: You have sharp toenails. [an orb of fire]
 67491 | Zot:5    | Gained mutation: You are weak. (Str -2) [an orb of fire]
 67501 | Zot:5    | Gained mutation: You are very weak. (Str -4) [an orb of
                  | fire]
 67505 | Zot:5    | Killed an orb of fire
 67509 | Zot:5    | Killed an orb of fire
 67534 | Zot:5    | Lost mutation: Your spells are a little easier to cast, but
                  | a little less powerful. [potion of mutation]
 67534 | Zot:5    | Lost mutation: You have a pair of small horns on your head.
                  | [potion of mutation]
 67534 | Zot:5    | Lost mutation: You are very weak. (Str -4) [potion of
                  | mutation]
 67534 | Zot:5    | Lost mutation: You are resistant to hostile enchantments.
                  | (MR+) [potion of mutation]
 67534 | Zot:5    | Gained mutation: Your system is resistant to poisons.
                  | (rPois) [potion of mutation]
 67534 | Zot:5    | Gained mutation: You expend magic power (3 MP) to
                  | strengthen your wands. [potion of mutation]
 67788 | Zot:5    | Killed a golden dragon
 67820 | Zot:5    | Noticed an orb of fire
 67837 | Zot:5    | Gained mutation: You are clumsy. (Dex -2) [an orb of fire]
 67840 | Zot:5    | Noticed a Killer Klown
 67844 | Zot:5    | Gained mutation: Armour fits poorly on your strangely
                  | shaped body. [an orb of fire]
 67845 | Zot:5    | Killed an orb of fire
 67851 | Zot:5    | Killed a Killer Klown
 67923 | Zot:5    | Lost mutation: You are weak. (Str -2) [potion of mutation]
 67923 | Zot:5    | Lost mutation: Armour fits poorly on your strangely shaped
                  | body. [potion of mutation]
 67923 | Zot:5    | Gained mutation: You are somewhat resistant to further
                  | mutation. [potion of mutation]
 67956 | Zot:5    | Noticed an orb of fire
 67971 | Zot:5    | Killed an orb of fire
 68112 | Zot:5    | Noticed an orb of fire
 68113 | Zot:5    | Lost mutation: You are somewhat resistant to further
                  | mutation. [an orb of fire]
 68116 | Zot:5    | Gained mutation: Your spells are a little easier to cast,
                  | but a little less powerful. [an orb of fire]
 68125 | Zot:5    | Killed an orb of fire
 68129 | Zot:5    | Noticed an ancient lich
 68139 | Zot:5    | Killed an ancient lich
 68254 | Zot:5    | Lost mutation: You are clumsy. (Dex -2) [potion of
                  | mutation]
 68254 | Zot:5    | Lost mutation: Your system is resistant to poisons. (rPois)
                  | [potion of mutation]
 68254 | Zot:5    | Gained mutation: You are resistant to hostile enchantments.
                  | (MR+) [potion of mutation]
 68254 | Zot:5    | Lost mutation: Your spells are a little easier to cast, but
                  | a little less powerful. [potion of mutation]
 68254 | Zot:5    | Gained mutation: Your mind is acute. (Int +2) [potion of
                  | mutation]
 68254 | Zot:5    | Gained mutation: Your natural rate of healing is unusually
                  | fast. [potion of mutation]
 68368 | Zot:5    | Noticed an orb of fire
 68371 | Zot:5    | Gained mutation: You are frail. (-10% HP) [an orb of fire]
 68380 | Zot:5    | Gained mutation: You are clumsy. (Dex -2) [an orb of fire]
 68390 | Zot:5    | Gained mutation: Your body sometimes deteriorates upon
                  | taking damage. [an orb of fire]
 68400 | Zot:5    | Gained mutation: You are very clumsy. (Dex -4) [an orb of
                  | fire]
 68406 | Zot:5    | Gained mutation: Armour fits poorly on your strangely
                  | shaped body. [an orb of fire]
 68413 | Zot:5    | Gained mutation: Your spells are a little easier to cast,
                  | but a little less powerful. [an orb of fire]
 68419 | Zot:5    | Killed an orb of fire
 68427 | Zot:5    | Lost mutation: You expend magic power (3 MP) to strengthen
                  | your wands. [potion of mutation]
 68427 | Zot:5    | Lost mutation: Armour fits poorly on your strangely shaped
                  | body. [potion of mutation]
 68427 | Zot:5    | Lost mutation: You are frail. (-10% HP) [potion of
                  | mutation]
 68427 | Zot:5    | Gained mutation: Your muscles are strong. (Str +2) [potion
                  | of mutation]
 68428 | Zot:5    | Lost mutation: Your mind is acute. (Int +2) [potion of
                  | mutation]
 68428 | Zot:5    | Lost mutation: You are very clumsy. (Dex -4) [potion of
                  | mutation]
 68428 | Zot:5    | Lost mutation: You are resistant to hostile enchantments.
                  | (MR+) [potion of mutation]
 68428 | Zot:5    | Lost mutation: Your muscles are strong. (Str +2) [potion of
                  | mutation]
 68428 | Zot:5    | Lost mutation: Your spells are a little easier to cast, but
                  | a little less powerful. [potion of mutation]
 68428 | Zot:5    | Gained mutation: You are partially covered in slimy green
                  | scales. (AC +2) [potion of mutation]
 68429 | Zot:5    | Lost mutation: You are clumsy. (Dex -2) [potion of
                  | mutation]
 68429 | Zot:5    | Lost mutation: Your body sometimes deteriorates upon taking
                  | damage. [potion of mutation]
 68429 | Zot:5    | Lost mutation: You have sharp toenails. [potion of
                  | mutation]
 68429 | Zot:5    | Lost mutation: You are partially covered in rugged brown
                  | scales. (AC +1, +3% HP) [potion of mutation]
 68429 | Zot:5    | Gained mutation: You possess an exceptional clarity of
                  | mind. [potion of mutation]
 68429 | Zot:5    | Lost mutation: You possess an exceptional clarity of mind.
                  | [potion of mutation]
 68429 | Zot:5    | Gained mutation: Your mind is acute. (Int +2) [potion of
                  | mutation]
 68429 | Zot:5    | Gained mutation: You have sharp toenails. [potion of
                  | mutation]
 68481 | Zot:5    | Noticed an orb of fire
 68492 | Zot:5    | Gained mutation: Your magical capacity is low. (-10% MP)
                  | [an orb of fire]
 68496 | Zot:5    | Gained mutation: Your magical capacity is very low. (-20%
                  | MP) [an orb of fire]
 68500 | Zot:5    | Killed an orb of fire
 68874 | Zot:5    | Got the Orb of Zot
 69196 | D:12     | Gained mutation: You are weak. (Str -2) [a cacodemon]
 69449 | D:$      | Escaped with the Orb!

Skill      XL: |  1  2  3  4  5  6  7  8  9 10 11 12 13 14 15 16 17 18 19 20 21 22 23 24 25 26 27 |
---------------+----------------------------------------------------------------------------------+-----
Invocations    | 1 3 4 5 9 10 13 15 16 20 21 24 25 26 | 26.0
Fighting       | 3 4 5 9 11 12 14 15 16 17 18 19 20 21 22 23 25 | 25.9
Crossbows      | 4 |  4.0
Armour         | 1 2 3 5 8 9 12 15 16 18 19 20 21 | 21.0
Dodging        | 2 5 |  5.0
Stealth        | 1 2 |  2.0
Shields        | 1 4 8 |  8.0
Spellcasting   | 1 4 5 |  5.0
Evocations     | 6 8 10 11 14 15 | 15.0
Conjurations   | 5 7 8 |  8.0
Hexes          | 5 8 |  8.0
Throwing       | 5 8 10 | 10.0
Short Blades   | | 25.9
Long Blades    | | 25.9
Axes           | | 25.9
Maces & Flails | | 25.9
Polearms       | | 25.9
Staves         | | 25.9
Unarmed Combat | | 25.9

Action                   |  1- 3 |  4- 6 |  7- 9 | 10-12 | 13-15 | 16-18 | 19-21 | 22-24 | 25-27 || total
-------------------------+-------+-------+-------+-------+-------+-------+-------+-------+-------++-------
Melee: Whip              |    31 |   124 |   335 |   501 |   499 |       |       |       |       ||  1490
       Punch             |       |     1 |     8 |       |       |       |       |       |       ||     9
       Flail             |       |       |    35 |    78 |       |       |       |       |       ||   113
       Lajatang          |       |       |       |       |   697 |   782 |   893 |   997 |   772 ||  4141
       Bardiche          |       |       |       |       |    61 |   155 |    81 |    39 |   177 ||   513
       Headbutt          |       |       |       |       |       |       |       |    21 |   128 ||   149
 Fire: Hand crossbow     |    20 |       |    30 |     4 |       |       |       |       |       ||    54
       Blowgun           |       |       |       |       |     1 |       |       |    11 |       ||    12
Throw: Tomahawk          |     2 |       |    26 |    58 |   171 |   311 |   278 |   392 |    25 ||  1263
       Javelin           |       |       |       |       |       |       |       |    83 |   336 ||   419
 Cast: Fulminant Prism   |       |       |       |     3 |     8 |       |       |       |       ||    11
Invok: Deal Four         |       |       |       |       |     2 |     4 |     9 |     1 |     4 ||    20
       Triple Draw       |       |       |       |       |     1 |     3 |       |     1 |     3 ||     8
       Stack Five        |       |       |       |       |       |       |     1 |     1 |     2 ||     4
 Abil: Draw Summoning    |       |     1 |     9 |    10 |    24 |    18 |    22 |     7 |    12 ||   103
       Draw Escape       |       |       |     2 |       |     1 |     2 |     4 |     3 |     1 ||    13
       Draw Destruction  |       |       |     4 |    14 |    12 |     9 |    18 |     2 |     4 ||    63
       Evoke Invisibilit |       |       |     1 |     3 |     4 |     3 |     7 |     5 |     8 ||    31
       Draw Stack        |       |       |       |       |       |       |       |     9 |     6 ||    15
Evoke: Wand              |       |       |       |     9 |    20 |    43 |    18 |    17 |    51 ||   158
       Lamp of fire      |       |       |       |       |       |     5 |     7 |     6 |     6 ||    24
       Phantom mirror    |       |       |       |       |       |     1 |       |       |       ||     1
       Sack of spiders   |       |       |       |       |       |     3 |     4 |     3 |     5 ||    15
       Lightning rod     |       |       |       |       |       |     6 |    10 |     3 |       ||    19
       Phial of floods   |       |       |       |       |       |       |     2 |     7 |     5 ||    14
       Fan of gales      |       |       |       |       |       |       |       |     3 |     2 ||     5
       Box of beasts     |       |       |       |       |       |       |       |       |     1 ||     1
  Use: Scroll            |       |       |     6 |     5 |    11 |     7 |    13 |     7 |     8 ||    57
       Potion            |       |       |     2 |     3 |       |     8 |     9 |     3 |    25 ||    50
 Stab: Invisible         |       |       |       |     5 |     2 |     2 |     8 |     5 |     4 ||    26
       Petrified         |       |       |       |     4 |     8 |       |     5 |       |       ||    17
       Distracted        |       |       |       |       |     3 |     2 |     2 |     2 |     6 ||    15
       Petrifying        |       |       |       |       |     1 |       |       |       |       ||     1
       Confused          |       |       |       |       |       |     2 |     1 |     1 |     2 ||     6
       Betrayed ally     |       |       |       |       |       |       |       |       |     1 ||     1
  Eat: Chunk             |     1 |     8 |    18 |    29 |    47 |    16 |    12 |    27 |    10 ||   168
       Ration            |       |       |     3 |     2 |     8 |    10 |    14 |     9 |    16 ||    62
Armor: Robe              |     2 |       |       |       |       |       |       |       |       ||     2
       Ring mail         |    10 |    49 |   185 |   137 |       |       |       |       |       ||   381
       Acid dragon scale |       |       |       |    14 |    66 |       |       |       |       ||    80
       Plate armour      |       |       |       |       |   272 |   237 |       |       |       ||   509
       Skin              |       |       |       |       |       |    12 |       |       |    53 ||    65
       Crystal plate arm |       |       |       |       |       |   319 |   450 |   743 |   554 ||  2066
Dodge: Dodged            |    32 |    73 |   209 |   235 |   698 |   577 |   291 |   279 |   164 ||  2558
Block: Buckler           |       |       |       |   246 |   262 |       |       |       |       ||   508
       Reflection        |       |       |       |     1 |    54 |    38 |     9 |    29 |     4 ||   135
       Other             |       |       |       |       |   286 |   412 |   226 |   307 |   196 ||  1427
